 Dungeon Crawl Stone Soup version 0.31-a0-876-gfe8ebadbca (webtiles) character file.

Game seed: 16148482559486635331

1304 Ge0ff the Sneak (level 8, -1/50 HPs)
             Began as an Octopode Brigand on Oct 13, 2023.
             Was a Believer of Lugonu.
             Slain by an ice beast (13 damage)
             ... on level 6 of the Dungeon.
             The game lasted 00:09:19 (4889 turns).

Ge0ff the Sneak (Octopode Brigand)                  Turns: 4889, Time: 00:09:20

Health: -1/50      AC:  1    Str: 10    XL:     8   Next: 57%
Magic:  11/11      EV: 13    Int: 15    God:    Lugonu [**....]
Gold:   251        SH:  0    Dex: 20    Spells: 9/11 levels left

rFire   + . .        a - +2 dagger
rCold   . . .        B - orb {guile}
rNeg    . . .        (helmet restricted)
rPois   .            N - amulet of regeneration
rElec   .            K - +6 ring of dexterity
rCorr   .            W - ring of protection from fire
SInv    .            (no ring)
Will    .....        (no ring)
Stlth   +++++        (no ring)
HPRegen 1.08/turn    (no ring)
MPRegen 0.12/turn    (no ring)
                     (no ring)

%: no passive effects
@: no status effects
A: almost no armour, amphibious, 8 rings, camouflage 1, gelatinous body 1,
(nimble swimmer 1), tentacles
a: Renounce Religion, Depart the Abyss, Banish


You were on level 6 of the Dungeon.
You worshipped Lugonu.
Lugonu was pleased with you.
You visited 1 branch of the dungeon, and saw 6 of its levels.

You collected 251 gold pieces.

Inventory:

Hand Weapons
 a - a +2 dagger (weapon)
 b - a +0 rapier
 x - a +1 dagger of flaming
 M - a +1 dagger of holy wrath
Missiles
 g - a throwing net {=F}
 v - 2 curare-tipped darts {=F}
 w - 46 stones (quivered)
 P - 8 poisoned darts
Armour
 B - an orb of guile (worn)
Jewellery
 K - a +6 ring of dexterity (left tentacle)
 N - an amulet of regeneration (around mantle)
 W - a ring of protection from fire (right tentacle)
Wands
 f - a wand of flame (18)
Scrolls
 y - a scroll of immolation
 D - a scroll of acquirement {unknown}
 E - 4 scrolls of identify {unknown}
 G - 3 scrolls of poison {unknown}
 L - 2 scrolls of noise {unknown}
 Q - a scroll of fear {unknown}
 S - a scroll of revelation {unknown}
 T - a scroll of blinking {unknown}
 V - a scroll of enchant armour {unknown}
Potions
 q - 2 potions of curing
 A - a potion of attraction
 H - a potion of mutation {unknown}
 I - a potion of might {unknown}
 J - a potion of invisibility {unknown}
 O - 3 potions of cancellation {unknown}
 R - a potion of enlightenment {unknown}
 U - 2 potions of brilliance {unknown}


   Skills:
 - Level 2.0 Fighting
 + Level 6.0 Short Blades
 - Level 2.0 Throwing
 - Level 1.0 Dodging
 - Level 7.0 Stealth
 - Level 2.0 Spellcasting
 - Level 5.0 Hexes
 - Level 5.0 Ice Magic


You had 9 spell levels left.
You knew the following spells:

 Your Spells              Type           Power      Damage    Failure   Level
C - Ensorcelled Hibernat  Hex/Ice        32%        N/A       4%          2

Your spell library contained the following spells:

 Spells                   Type           Power      Damage    Failure   Level
 Freeze                   Ice            64%        1d7       2%          1
 Frozen Ramparts          Ice            32%        1d5       9%          3
 Sigil of Binding         Hex            16%        N/A       9%          3
 Apportation              Tloc           2%         N/A       22%         1
 Necrotise                Necr           4%         1d4       22%         1
 Shock                    Conj/Air       4%         1d3       22%         1
 Sting                    Tmut/Pois      4%         1d3       22%         1
 Summon Small Mammal      Summ           4%         N/A       22%         1
 Hailstorm                Conj/Ice       9%         3d4       24%         3
 Passwall                 Tmut/Erth      0%         N/A       32%         2
 Poisonous Vapours        Pois/Air       2%         N/A       32%         2
 Call Canine Familiar     Summ           1%         N/A       54%         3
 Swiftness                Air            1%         N/A       54%         3
 Dimensional Bullseye     Hex/Tloc       4%         N/A       61%         4
 Leda's Liquefaction      Hex/Erth       4%         N/A       61%         4
 Airstrike                Air            0%         2d(1-17)  91%         4
 Olgreb's Toxic Radiance  Pois           1%         N/A       91%         4


Dungeon Overview and Level Annotations

Branches:
Dungeon (6/15) Zot: 26983
 Temple: D:4-7

Altars:
Elyvilon
Sif Muna
Lugonu


Innate Abilities, Weirdness & Mutations

You cannot wear most types of armour.
You are amphibious.
You can wear up to eight rings at the same time.
Your skin changes colour to match your surroundings (Stealth+).
Your rubbery body absorbs attacks. (AC +1, EV +1)
((You are camouflaged when in or above water. (Stealth+)))
You have tentacles for arms and can constrict up to eight enemies at once.


Message History

W - a ring of protection from fire (right tentacle)
You can't go down here!
There is a stone staircase leading down here.
You climb downwards.
Found 15 gold pieces and 5 stones.
There is a stone staircase leading up here.
An ice beast comes into view.
Found a stone staircase leading down.
Found a stone staircase leading up.
The helpless Blork the orc fails to defend himself.
You stick Blork the orc like a pincushion!!!
You kill Blork the orc!
Lugonu accepts your kill.
Your Short Blades skill increases to level 6!
You hit the ice beast. Your squeeze misses the ice beast.
The ice beast is lightly wounded.
The ice beast hits you. The ice beast freezes you.
You hit the ice beast.
You squeeze the ice beast, but do no damage.
The ice beast is lightly wounded.
The ice beast hits you. The ice beast freezes you!
You hit the ice beast but do no damage. Your squeeze misses the ice beast.
The ice beast is lightly wounded.
You hit the ice beast.
The ice beast is lightly wounded.
The ice beast closely misses you.
You hit the ice beast but do no damage.
The ice beast is lightly wounded.
The ice beast barely misses you.
You barely miss the ice beast.
The ice beast is lightly wounded.
You hit the ice beast. You squeeze the ice beast.
The ice beast is heavily wounded.
The ice beast hits you. The ice beast freezes you.
You hit the ice beast.
The ice beast is heavily wounded.
The ice beast completely misses you.
You hit the ice beast but do no damage. You squeeze the ice beast.
The ice beast is heavily wounded.
The ice beast hits you. The ice beast freezes you!
* * * LOW HITPOINT WARNING * * *
You hit the ice beast.
You squeeze the ice beast, but do no damage.
The ice beast is severely wounded.
You closely miss the ice beast. Your squeeze misses the ice beast.
The ice beast is severely wounded.
The ice beast hits you.
* * * LOW HITPOINT WARNING * * *
The ice beast freezes you!
You die...

.. ... <. ....
.#####. #..
........ .#...
....>..####.
.....###......#....
#....)Y...#.....
#..@........# .
##...........# .#
.##......##....#..#
...............(...
..............$##.
....##.#....<.##
.............##
.......#.....#
......###...##


You could see an ice beast.

Vanquished Creatures
  Grinder (D:3)
  Eustachio (D:4)
  Edmund (D:4)
  Duvessa (D:5)
  An ice beast (D:5)
  An ogre (D:5)
  Blork the orc (D:6)
  A scorpion (D:4)
  Dowan (D:5)
  A jelly (D:5)
  3 orc priests
  3 orc wizards
  Robin (D:4)
  4 gnolls (D:5)
  5 adders
  A white imp (D:5)
  A worm (D:2)
  2 dart slugs
  11 orcs
  5 bats
  5 endoplasms
  5 giant cockroaches
  8 hobgoblins
  7 jackals (D:1)
  3 quokkas
  5 ball pythons
  4 frilled lizards (D:1)
  11 goblins
  7 kobolds
  4 rats
105 creatures vanquished.

Notes
Turn   | Place    | Note
-------+----------+-------------------------------------------
     0 | D:1      | Ge0ff the Octopode Brigand began the quest for the Orb.
     0 | D:1      | Reached XP level 1. HP: 14/14 MP: 1/1
   120 | D:1      | Reached XP level 2. HP: 19/19 MP: 2/2
   553 | D:1      | Reached XP level 3. HP: 24/24 MP: 3/3
   559 | D:1      | Learned a level 2 spell: Ensorcelled Hibernation
   888 | D:2      | Reached skill level 1 in Hexes
   989 | D:2      | Reached skill level 1 in Ice Magic
  1068 | D:2      | Reached XP level 4. HP: 29/29 MP: 4/4
  1124 | D:2      | Reached skill level 1 in Spellcasting
  1134 | D:2      | Reached XP level 5. HP: 15/34 MP: 6/6
  1826 | D:3      | Found a faded altar of an unknown god.
  1829 | D:3      | Prayed at the altar of an unknown god.
  1829 | D:3      | Became a worshipper of Lugonu the Unformed
  1829 | D:3      | Reached * piety under Lugonu
  1967 | D:3      | Noticed Grinder
  1976 | D:3      | Killed Grinder
  1977 | D:3      | Reached XP level 6. HP: 20/39 MP: 6/8
  2787 | D:4      | Identified the +1 helmet of the Lion {-Cast rElec Dex+7}
  2909 | D:4      | Noticed Robin
  2921 | D:4      | Killed Robin
  2922 | D:4      | Reached skill level 6 in Stealth
  2929 | D:4      | Reached ** piety under Lugonu
  2988 | D:4      | Reached XP level 7. HP: 41/45 MP: 7/10
  3089 | D:4      | Noticed Eustachio
  3096 | D:4      | Killed Eustachio
  3773 | D:4      | Noticed Edmund
  3779 | D:4      | Killed Edmund
  3833 | D:5      | Entered Level 5 of the Dungeon
  3954 | D:5      | Reached XP level 8. HP: 50/50 MP: 6/11
  4057 | D:5      | Found a shimmering blue altar of Sif Muna.
  4152 | D:5      | Reached skill level 7 in Stealth
  4191 | D:5      | Reached skill level 5 in Hexes
  4191 | D:5      | Reached skill level 5 in Ice Magic
  4661 | D:5      | Noticed Duvessa
  4662 | D:5      | Noticed Dowan
  4664 | D:5      | Killed Duvessa
  4665 | D:5      | Reached skill level 5 in Short Blades
  4667 | D:5      | Killed Dowan
  4837 | D:5      | Found a white marble altar of Elyvilon.
  4870 | D:6      | Noticed Blork the orc
  4878 | D:6      | Killed Blork the orc
  4889 | D:6      | Slain by an ice beast

Illustrated notes

Levels and vault maps discovered:
D:1:      matt_arrival_diagonals, layout_basic
D:2:      cheibrodos_pilgrimage, layout_rooms
D:3:      layout_loops_corners, ebering_ecumenical_altar_petrified, uniq_grinder
D:4:      layout_basic, uniq_robin, uniq_edmund, uniq_eustachio
D:5:      layout_rooms, mainiacjoe_overflow_small_starburst,
          general_overflow_altar, minmay_misc_feat_more_columns,
          reono_crystal_passage, grunt_ministairs_2, hangedman_decor_riveting,
          roderic_lattice_a, skrybe_limestone_x, uniq_duvessa
D:6:      layout_cave_pools, kennysheep_little_box,
          minmay_temple_entry_enclosed_plants, uniq_sigmund, uniq_blork_the_orc

Skill      XL: |  1  2  3  4  5  6  7  8 |
---------------+-------------------------+-----
Short Blades   | 3 4 6 |  6.0
Hexes          | 1 2 3 4 5 |  5.0
Ice Magic      | 1 2 3 4 5 |  5.0
Spellcasting   | 1 2 |  2.0
Stealth        | 6 7 |  7.0
Fighting       | |  2.0
Throwing       | |  2.0
Dodging        | |  1.0

Action                     |  1- 3 |  4- 6 |  7- 9 || total
---------------------------+-------+-------+-------++-------
  Melee: Dagger            |    64 |    74 |    56 ||   194
         Constrict         |    14 |    16 |     8 ||    38
         Tentacles         |     9 |    14 |    10 ||    33
         Punch             |       |     1 |       ||     1
  Throw: Dart              |       |    12 |       ||    12
         Stone             |       |     8 |     8 ||    16
   Cast: Ensorcelled Hiber |     1 |    10 |    19 ||    30
    Use: Potion            |       |     4 |       ||     4
         Scroll            |       |       |     2 ||     2
   Stab: Sleeping          |    19 |    11 |    16 ||    46
 Armour: Skin              |    21 |    42 |    18 ||    81
  Dodge: Dodged            |    23 |    25 |    22 ||    70

Table legend: (Time is in decaauts)
 A = Elapsed time spent in this place.
 B = Non-inter-level travel time spent in this place.
 C = Inter-level travel time spent in this place.
 D = Time resting spent in this place.
 E = Time spent auto-exploring this place.
 F = Levels seen in this place.
 G = Mean time per level.
                   A        B        C        D        E       F      G
               +--------+--------+--------+--------+--------+-----+--------+
         Total |   4856 |   4706 |    150 |    172 |   3647 |   6 |  809.3 |
       Dungeon |   4856 |   4706 |    150 |    172 |   3647 |   6 |  809.3 |
               +--------+--------+--------+--------+--------+-----+--------+

Top non-repeatable levels by time:
     D:5: 1030 daAuts
     D:4: 1024 daAuts
     D:3: 1004 daAuts
     D:2: 902 daAuts
     D:1: 878 daAuts
     D:6: 15 daAuts
